 Dungeon Crawl Stone Soup version 0.28.0-53-g5a82cb258f (webtiles) character file.

Game seed: 14588780648505455768

118 suse60 the Cudgeller (level 5, -2/34 HPs)
             Began as a Gargoyle Monk on June 11, 2022.
             Slain by Grinder (8 damage)
             ... while paralysed by Grinder
             ... on level 3 of the Dungeon.
             The game lasted 00:14:11 (2675 turns).

suse60 the Cudgeller (Gargoyle Monk)                Turns: 2675, Time: 00:14:12

Health: -2/34      AC:  6    Str: 13 (16) XL:     5   Next: 2%
Magic:  5/5        EV:  2    Int: 10 (11) God:
Gold:   849        SH:  0    Dex:  9 (12) Spells: 4/4 levels left

rFire   + . .      SeeInvis .   a - +0 mace
rCold   + . .      Faith    .   (no shield)
rNeg    + . .      Spirit   .   b - +0 robe
rPois   ∞          Reflect  .   (no helmet)
rElec   +          Harm     .   (no cloak)
rCorr   +          Rampage  .   (no gloves)
Will    .....                   (no boots)
Stlth   ++........              (no amulet)
HPRegen 0.11/turn               (no ring)
MPRegen 0.09/turn               (no ring)

@: paralysed, resistant, studying Maces & Flails
A: sickness immunity, AC +4, negative energy resistance 1, electricity
resistance, torment resistance 1, petrification resistance
a: no special abilities


You were on level 3 of the Dungeon.
You visited 1 branch of the dungeon, and saw 3 of its levels.

You collected 849 gold pieces.

Inventory:

Hand Weapons
 a - a +0 mace (weapon)
Armour
 b - a +0 robe (worn)
Potions
 f - a potion of brilliance


   Skills:
 + Level 4.4 Fighting
 + Level 4.7 Maces & Flails
 + Level 3.2 Dodging
 - Level 2.1 Stealth


You had 4 spell levels left.
You didn't know any spells.
Your spell library contained the following spells:

 Spells                   Type           Power      Damage    Failure   Level
 Beastly Appendage        Tmut           0%         N/A       36%         1


Dungeon Overview and Level Annotations

Branches:
Dungeon (3/15)

Altars:
Kikubaaqudgha

Shops:
D:1 *?=(

Annotations:
D:3 Grinder


Innate Abilities, Weirdness & Mutations

You are immune to sickness and miasma.
Your stone body is resilient. (AC +4)
You are immune to poison.
You resist negative energy. (rN+)
You are resistant to electric shocks. (rElec)
You are resistant to unholy torment.
You are immune to petrification.


Message History

Grinder is lightly wounded.
Grinder closely misses you.
You hit Grinder.
Grinder is lightly wounded.
Grinder hits you.
You writhe in agony.
* * * LOW HITPOINT WARNING * * *
It was a potion of degeneration.
There was something very wrong with that liquid.
You feel weakened.
You feel dopey.
You feel clumsy. Grinder barely misses you.
You hit Grinder but do no damage. You punch Grinder, but do no damage.
Grinder is lightly wounded.
Grinder misses you.
You hit Grinder.
Grinder is lightly wounded.
Grinder says, "Make like a tree!"
Grinder barely misses you.
You hit Grinder.
Grinder is moderately wounded.
Grinder hits you but does no damage.
You hit Grinder but do no damage.
Grinder is lightly wounded.
Grinder hits you.
* * * LOW HITPOINT WARNING * * *
You writhe in agony.
* * * LOW HITPOINT WARNING * * *
Grinder misses you.
There is an open door here.
Grinder blinks!
Grinder blinks!
Grinder blinks!
Grinder gestures at you.
You barely resist.
Grinder blinks!
Grinder gestures at you.
You suddenly lose the ability to move!
Grinder gestures at you.
You shrug off the repeated paralysis!
Grinder hits you!
You die...

... #.# #.# ... #.# #.#
#.# #.# #.# #.# ####
#.# #..# ####.# #..#
#....#######'####+####
#.###.@5...............
#.#####............
###.# ##...........
...## ##'####'#### #.#
#..#.....# #.#
#..#.....# #.#
####.....## #.#
#.....#. .#
######<########
+...(.†.


You could see Grinder.

Vanquished Creatures
  Jessica (D:2)
  An orc wizard (D:3)
  2 adders
  2 worms (D:2)
  3 orcs (D:3)
  2 bats (D:2)
  An endoplasm (D:2)
  A giant cockroach (D:1)
  2 goblins
  4 hobgoblins
  3 jackals (D:2)
  A quokka (D:1)
  10 ball pythons
  5 frilled lizards
  3 kobolds
  2 rats (D:2)
43 creatures vanquished.

Notes
Turn   | Place    | Note
-------+----------+-------------------------------------------
     0 | D:1      | suse60 the Gargoyle Monk began the quest for the Orb.
     0 | D:1      | Reached XP level 1. HP: 14/14 MP: 1/1
   332 | D:1      | Found Jiogair's Jewellery Emporium.
   343 | D:1      | Found Dithin's Magic Scroll Shoppe.
   359 | D:1      | Found a faded altar of an unknown god.
   372 | D:1      | Got Plato's Handbook of Moulding
   403 | D:1      | Found Vocuh's Weapon Shop.
   464 | D:1      | Reached XP level 2. HP: 19/19 MP: 2/2
   563 | D:1      | Found Bifavogh's General Store.
  1262 | D:2      | Reached XP level 3. HP: 17/24 MP: 3/3
  1848 | D:2      | Noticed Jessica
  1856 | D:2      | Killed Jessica
  1857 | D:2      | Reached XP level 4. HP: 29/29 MP: 4/4
  2478 | D:3      | Found an ancient bone altar of Kikubaaqudgha.
  2561 | D:3      | Reached XP level 5. HP: 34/34 MP: 5/5
  2565 | D:3      | Identified a scroll of acquirement
  2565 | D:3      | Acquired 769 gold pieces
  2623 | D:3      | Noticed Grinder
  2643 | D:3      | Paralysed by Grinder for 3 turns
  2671 | D:3      | Paralysed by Grinder for 7 turns
  2675 | D:3      | Slain by Grinder

Illustrated notes

Levels and vault maps discovered:
D:1:      dpeg_arrival_long_road, layout_basic, serial_shops,
          nicolae_shop_advertising_works [nicolae_subvault_shop_adworks],
          nicolae_shop_behind_doors, nicolae_shop_hallway_plus, shop,
          shapermc_ecumenical_altar_rom_forum
D:2:      layout_loops_cross, kennysheep_generic_room_4, uniq_jessica
D:3:      layout_loops_ring, marbit_many_paths, minmay_snake_closets,
          uniq_grinder

Skill      XL: |  1  2  3 |
---------------+----------+-----
Fighting       | 4 |  4.4
Maces & Flails | 4 |  4.7
Dodging        | 3 |  3.2
Stealth        | |  2.1

Action                   |  1- 3 |  4- 6 || total
-------------------------+-------+-------++-------
Melee: Mace              |    90 |    56 ||   146
       Punch             |     1 |     1 ||     2
Throw: Dart              |     3 |     4 ||     7
  Use: Scroll            |     4 |     3 ||     7
       Potion            |       |     3 ||     3
 Stab: Sleeping          |     6 |     2 ||     8
Armor: Robe              |    25 |    21 ||    46
Dodge: Dodged            |    57 |    24 ||    81
